Map: Ruines d’Endion

Players

zidar - Winner!

  • Race: Zerg Zerg
  • League: Gold
  • Spawn Location: 7:00

takezo

  • Race: Zerg Zerg
  • League: Gold
  • Spawn Location: 5:00

VOD

Have the link to the VOD?

Description

Time

  • Played on: June 30, 2016, 9:23 a.m.
  • Length: 4:24
Show
View Real Time Build Order
Export as new Build Order

zidar Zerg - Winner!

Build Orders: 1 Base Baneling Bust, Pool Only 

Get SALT Encoding   

  12  0:01  Drone  
  13  0:12  Drone  
  13  0:13  Extractor  
  13  0:33  Spawning Pool  
  12  0:39  Drone  
  13  0:45  Overlord  
  13  0:57  Overlord  
  13  1:21  Metabolic Boost  
  13  1:31  Queen  
  15  1:36  Zergling x2  
  16  1:41  Zergling x2  
  16  1:46  Zergling x2  
  18  1:52  Zergling x2  
  19  2:02  Zergling x2  
  20  2:10  Baneling Nest  
  20  2:13  Zergling x2  
  20  2:20  Zergling x2  
  21  2:31  Zergling x2  
  22  2:46  Zergling x6  
  25  3:15  Zergling x10  
  28  3:34  Baneling x2  
  28  3:37  Zergling x4  
Show
View Real Time Build Order
Export as new Build Order

takezo Zerg 

Build Orders: Hatch First 

Get SALT Encoding   

  12  0:02  Drone  
  13  0:08  Drone  
  14  0:17  Overlord  
  14  0:36  Drone x3  
  17  0:58  Hatchery  
  15  1:13  Spawning Pool  
  15  1:14  Extractor  
  15  1:16  Drone  
  14  1:19  Drone  
  14  1:23  Drone  
  16  1:29  Drone  
  17  1:41  Drone  
  18  1:49  Drone  
  19  1:59  Queen  
  21  2:03  Zergling x2  
  22  2:10  Queen  
  22  2:11  Drone x2  
  26  2:22  Overlord  
  26  2:23  Drone  
  27  2:36  Drone  
  28  2:47  Spine Crawler  
  28  2:49  Zergling x6  
  30  2:54  Zergling x4  
  32  3:01  Roach Warren, Metabolic Boost  
  28  3:19  Zergling x6  
  28  3:20  Zergling x6  
  26  3:32  Zergling x2  
  22  3:42  Roach  
  22  3:45  Roach  
  26  3:53  Roach  
Tags
 
Add a new tag
Caveats
  • Supply blocks, unpowered buildings, or Contaminate may cause inaccurate times.
  • Supply counts are checked every 10 seconds.